cohdb
Replays
Latest Replays
All Replays
Popular Replays
Top Player Replays
Match Explorer
How It Works
Community
CoH3 Stats
Reddit
Sign in to upload your games and track your stats! →
Sign in with Steam
Match 45595981
Unlisted
Match 45595981
Overview
Messages
Build Orders
End
Selects Italian Combined Arms Battlegroup
Selects Bersaglieri Squad
Bersaglieri Squad
Kradschützen Motorcycle Team
Bersaglieri Squad
Construct Light Support Kompanie
Bersaglieri Squad
Selects Bersaglieri Bolster
2.5-tonne Medical Truck
Fire Support Elements
Flakvierling Half-track
Selects Breda Model 30 Light Machine Guns
Vehicle Survival Package
Veteran Squad Leaders
Bersaglieri Squad
Construct Panzerarmee Kommand
Selects Semovente da 75/18 Assault Gun
Panzer III L Medium Tank
Bill
Wolfe
0
0
Comments
sign in to comment!
No comments posted yet!